 Dungeon Crawl Stone Soup version 0.23.1 (webtiles) character file.

Game seed: 12975922725012859064

128 Borgoz the Sneak (level 5, 0/40 HPs)
             Began as a Ghoul Enchanter on Mar 4, 2019.
             Slain by a worm (9 damage)
             ... on level 3 of the Dungeon.
             The game lasted 00:08:16 (2399 turns).

Borgoz the Sneak (Ghoul Enchanter)                  Turns: 2399, Time: 00:08:17

Health: 0/40       AC:  4    Str: 12    XL:     5   Next: 11%
Magic:  0/6        EV: 11    Int: 10    God:
Gold:   99         SH:  0    Dex: 10    Spells: 1/7 levels left

rFire    . . .     SeeInvis .   a - +0 rapier
rCold    + . .     Gourm    .   (no shield)
rNeg     + + +     Faith    .   n - +0 leather armour
rPois    ∞         Spirit   .   h - +0 helmet
rElec    .         Reflect  .   (no cloak)
rCorr    .         Harm     .   (no gloves)
MR       .....                  (no boots)
Stlth    ++........             (no amulet)
HPRegen  0.00/turn              (no ring)
MPRegen  0.10/turn              (no ring)

@: rotting
A: rotting body, claws 1, carnivore, cold resistance 1, negative energy
resistance 3, inhibited regeneration, torment resistance, unbreathing
a: no special abilities


You were on level 3 of the Dungeon.
You were not hungry.

You visited 1 branch of the dungeon, and saw 3 of its levels.

You collected 99 gold pieces.

Inventory:

Hand Weapons
 a - a +0 rapier (weapon)
 b - a +0 blowgun
Missiles
 k - 19 poisoned needles
 m - a throwing net (quivered)
 r - a curare-tipped needle
Armour
 h - a +0 helmet (worn)
 n - a +0 leather armour (worn)
Wands
 o - a wand of iceblast (9)
Scrolls
 f - 4 scrolls of remove curse
Potions
 e - 2 potions of curing
 g - 2 potions of ambrosia
 i - a potion of brilliance {unknown}
 j - 2 potions of agility
 l - a potion of magic {unknown}
 p - a potion of haste {unknown}
 q - 2 potions of might
Comestibles
 c - 7 chunks of flesh
 d - 5 rations


   Skills:
 + Level 1.0 Fighting
 * Level 2.7 Short Blades
 + Level 1.6 Armour
 + Level 2.0 Dodging
 + Level 3.8 Stealth
 + Level 1.7 Spellcasting
 + Level 2.8 Hexes


You had one spell level left.
You knew the following spells:

 Your Spells              Type           Power        Failure   Level  Hunger
a - Corona                Hex            #......      13%         1    ##.....
b - Ensorcelled Hibernat  Hex/Ice        #.....       34%         2    ###....
c - Confuse               Hex            #.......     36%         3    ####...

Your spell library contained the following spells:

 Spells                   Type           Power        Failure   Level  Hunger
 Tukima's Dance           Hex            #.......     36%         3    ####...
 Dazzling Spray           Conj/Hex       #.....       56%         3    ####...


Dungeon Overview and Level Annotations

Branches:
Dungeon (3/15)

Altars:


Innate Abilities, Weirdness & Mutations

Your body is rotting away.
You thrive on raw meat.
You are immune to poison.
You have sharp fingernails.
You are carnivorous and can eat meat at any time.
Your flesh is cold resistant. (rC+)
You are immune to negative energy. (rN+++)
You do not regenerate when monsters are visible.
You are immune to unholy pain and torment.
You can survive without breathing.


Message History

* * * LOW HITPOINT WARNING * * *
You hit the worm but do no damage.
The worm is severely wounded.
The worm bites you.
* * * LOW HITPOINT WARNING * * *
Casting: Ensorcelled Hibernation (safe; 34% risk of failure)
Confirm with . or Enter, or press ? or * to list all spells.
Aiming: Ensorcelled Hibernation (safe; 34% risk of failure)
Press: ? - help, Shift-Dir - straight line, f/p - worm
Aim: a worm (severely wounded, chance to defeat MR: 44%)
The worm resists with some effort.
A worm is nearby!
A worm is nearby!
Casting: Ensorcelled Hibernation (safe; 34% risk of failure)
Confirm with . or Enter, or press ? or * to list all spells.
Aiming: Ensorcelled Hibernation (safe; 34% risk of failure)
Press: ? - help, Shift-Dir - straight line, f/p - worm
Aim: a worm (severely wounded, chance to defeat MR: 44%)
The worm resists with some effort.
The worm bites you!
You die...

#......('.... #...#
#########.... #...#
#..........#. #...#
#.####.....#. #...#
#.# #..÷..#. #...#
#.# #.....#. #...#
#.# #.....#.
#...####.# #.....#.
#..@'....# #.....#.
#..w###### #.....#.
##................#.
##############+#.##
.# .# ## #.


You could see a worm.

Vanquished Creatures
  A worker ant (D:3)
  Robin (D:3)
  2 gnolls (D:3)
  An adder (D:2)
  2 worms (D:3)
  A leopard gecko (D:3)
  7 bats
  3 giant cockroaches
  12 goblins
  7 hobgoblins
  3 jackals (D:3)
  6 kobolds
  A quokka (D:2)
  A ball python (D:1)
  4 frilled lizards
  6 rats
58 creatures vanquished.

Notes
Turn   | Place    | Note
-------+----------+-------------------------------------------
     0 | D:1      | Borgoz the Ghoul Enchanter began the quest for the Orb.
     0 | D:1      | Reached XP level 1. HP: 14/14 MP: 2/2
   114 | D:1      | Reached skill level 1 in Short Blades
   150 | D:1      | Reached XP level 2. HP: 21/22 MP: 3/3
   908 | D:2      | Reached XP level 3. HP: 20/27 MP: 4/4
  1737 | D:3      | Noticed Robin
  1803 | D:3      | Reached skill level 1 in Armour
  1803 | D:3      | Reached XP level 4. HP: 21/33 MP: 5/5
  1883 | D:3      | Killed Robin
  2025 | D:3      | Reached skill level 1 in Fighting
  2212 | D:3      | HP: 1/35 [gnoll (6)]
  2215 | D:3      | Reached XP level 5. HP: 11/40 MP: 6/6
  2248 | D:3      | Learned a level 2 spell: Ensorcelled Hibernation
  2252 | D:3      | Learned a level 3 spell: Confuse
  2399 | D:3      | Slain by a worm

Skill      XL: |  1  2  3  4 |
---------------+-------------+-----
Short Blades   | 1 2 |  2.7
Armour         | 1 |  1.6
Dodging        | 2 |  2.0
Fighting       | 1 |  1.0
Stealth        | |  3.8
Spellcasting   | |  1.7
Hexes          | |  2.8

Action                   |  1- 3 |  4- 6 || total
-------------------------+-------+-------++-------
Melee: Dagger            |    25 |       ||    25
       Short sword       |   150 |       ||   150
       Rapier            |    34 |    66 ||   100
 Cast: Ensorcelled Hiber |       |     3 ||     3
  Use: Scroll            |     7 |       ||     7
 Stab: Sleeping          |     1 |     2 ||     3
  Eat: Chunk             |    10 |    14 ||    24
Armor: Chain mail        |   138 |       ||   138
       Leather armour    |     2 |    12 ||    14
Dodge: Dodged            |    74 |    33 ||   107
